 Dungeon Crawl Stone Soup version 0.30.0-10-gfe55d96785 (webtiles) character file.

Game seed: 16951320719388914687

3784 bubby the Covert (level 9, 0/44 HPs)
             Began as a Spriggan Hunter on May 15, 2023.
             Was a High Priest of Fedhas.
             Slain by an unseen horror simulacrum (6 damage)
             ... on level 8 of the Dungeon.
             The game lasted 00:31:31 (6904 turns).

bubby the Covert (Spriggan Hunter)                  Turns: 6904, Time: 00:31:33

Health: 0/44       AC:  4    Str:  6 (7)  XL:     9   Next: 95%
Magic:  10/13      EV: 24    Int: 10      God:    Fedhas [*****.]
Gold:   421        SH:  5    Dex: 23      Spells: 8/8 levels left

rFire   . . .        a - +0 shortbow
rCold   + . .        (shield currently unavailable)
rNeg    . . .        B - +0 troll leather armour
rPois   .            (helmet restricted)
rElec   .            (no cloak)
rCorr   .            (gloves unavailable)
SInv    +            (boots unavailable)
Will    +....        i - amulet of reflection
Stlth   +++++        f - ring of wizardry
HPRegen 1.07/turn    o - ring of protection from cold
MPRegen 0.13/turn

%: reflection, wizardry (x1)
@: very quick
A: very small, no large weapons, unfitting armour, see invisible, speed 3,
deterioration 1
a: Renounce Religion, Wall of Briars, Grow Ballistomycete, Overgrow, Grow Oklob


You were on level 8 of the Dungeon.
You worshipped Fedhas.
Fedhas was extremely pleased with you.
You visited 1 branch of the dungeon, and saw 8 of its levels.

You collected 421 gold pieces.

Inventory:

Hand Weapons
 a - a +0 shortbow (weapon)
 s - a +1 dagger of venom
Missiles
 t - 6 datura-tipped darts
 z - 3 throwing nets
Armour
 c - a +0 robe
 B - a +0 troll leather armour (worn)
Jewellery
 f - a ring of wizardry (left hand)
 i - an amulet of reflection (around neck)
 o - a ring of protection from cold (right hand)
Wands
 h - a wand of roots (1)
 x - a wand of mindburst (13)
 A - a wand of flame (10)
Scrolls
 b - 5 scrolls of immolation
 e - 5 scrolls of poison {unknown}
 g - 4 scrolls of teleportation {unknown}
 k - a scroll of amnesia {unknown}
 l - a scroll of noise {unknown}
 m - 2 scrolls of brand weapon {unknown}
 n - a scroll of enchant armour {unknown}
 p - 2 scrolls of fear {unknown}
 q - 3 scrolls of identify
 r - 2 scrolls of enchant weapon {unknown}
 u - 2 scrolls of vulnerability {unknown}
 v - a scroll of magic mapping {unknown}
 y - a scroll of torment {unknown}
Potions
 d - 3 potions of brilliance
 j - a potion of haste
 w - a potion of magic


   Skills:
 - Level 3.3 Fighting
 * Level 10.0 Ranged Weapons
 + Level 8.8 Dodging
 + Level 10.0 Stealth
 + Level 5.0 Invocations


You had 8 spell levels left.
You didn't know any spells.
Your spell library contained the following spells:

 Spells                   Type           Power      Damage    Failure   Level
 Blink                    Tloc           0%         N/A       32%         2
 Lesser Beckoning         Tloc           0%         N/A       32%         2
 Momentum Strike          Conj/Tloc      0%         3d8       32%         2
 Gell's Gravitas          Tloc           0%         N/A       54%         3
 Teleport Other           Tloc           0%         N/A       54%         3
 Blade Hands              Tmut           0%         N/A       99%         5
 Irradiate                Conj/Tmut      0%         3d11      99%         5
 Dispersal                Tloc           0%         N/A       100%        6
 Dragon Form              Tmut           0%         N/A       100%        7


Dungeon Overview and Level Annotations

Branches:
Dungeon (8/15)             Temple (0/1) D:5
   Lair: D:8-11

Altars:
Ashenzari
Fedhas
Gozag
Kikubaaqudgha
Qazlal
Sif Muna
Vehumet
Xom
Zin

Shops:
D:1 *   D:2 :   D:3 (   D:6 [

Annotations:
D:7 1 runed translucent door, acky5's ghost, novice VSBr


Innate Abilities, Weirdness & Mutations

You are very small and have problems with some larger weapons.
You are too small for most types of armour.
You have supernaturally acute eyesight. (SInv)
You cover ground extremely quickly. (Speed+++)
Your body sometimes deteriorates upon taking damage.


Message History

You shoot an arrow. The arrow hits the kobold.
The kobold is moderately wounded.
You shoot an arrow. The arrow hits the kobold.
The kobold is heavily wounded.
The unseen horror simulacrum closely misses you.
The unseen horror simulacrum barely misses you.
You shoot an arrow.
The arrow hits the unseen horror simulacrum!
The unseen horror simulacrum is heavily damaged.
The unseen horror simulacrum hits you.
The unseen horror simulacrum freezes you.
You resist.
Your body deteriorates!
You feel weakened.
The unseen horror simulacrum barely misses you.
The unseen horror simulacrum hits you!
The unseen horror simulacrum freezes you!
You resist.
The unseen horror simulacrum misses you.
The unseen horror simulacrum attacks as you move away!
The unseen horror simulacrum completely misses you.
You block the unseen horror simulacrum's attack.
The unseen horror simulacrum attacks as you move away!
The unseen horror simulacrum hits you.
The unseen horror simulacrum freezes you!
You resist.
* * * LOW HITPOINT WARNING * * *
The unseen horror simulacrum closely misses you.
Okay, then.
A briar patch grows up from the ground. x7
The unseen horror simulacrum closely misses you.
The unseen horror simulacrum hits you but does no damage.
The unseen horror simulacrum completely misses you.
You walk carefully through the plants.
The unseen horror simulacrum attacks as you move away!
The unseen horror simulacrum hits you.
* * * LOW HITPOINT WARNING * * *
The unseen horror simulacrum freezes you.
You resist.
You die...
Fedhas appreciates your contribution to the ecosystem.

######..........##........
#...........†...##........
#...............##....♣...
#.....>..............♣♣...
######..#########...♣♣♣...
##...###########♣....
###........# #....
#.PPP....### ##...
#.P@P.....# #...
#.PZP.....#. #...
#...........). #...
######..K......##.. #...
#.......##.###..# . #...
.........#.# ...#
...........# ###
........)### .........#


You could see an unseen horror simulacrum (ally target) and a kobold.

Vanquished Creatures
  A polar bear (D:8)
  A troll (D:8)
  A yak (D:8)
  A water moccasin (D:6)
  3 orc warriors
  A sky beast (D:7)
  3 black bears
  3 ogres
  3 ice beasts
  3 phantoms
  A kobold brigand (D:8)
  4 bullfrogs
  2 scorpions
  A howler monkey (D:6)
  9 hounds
  A gnoll bouda (D:7)
  2 jellies
  5 orc priests
  6 iguanas
  6 orc wizards
  Ijyb (D:4)
  A killer bee simulacrum (D:8)
  12 gnolls
  15 adders
  A white imp (D:8)
  A howler monkey simulacrum (D:8)
  3 ufetubi
  A worm (D:4)
  15 orcs
  6 endoplasms
  4 giant cockroaches
  6 goblins
  8 hobgoblins
  4 jackals (D:1)
  2 quokkas
  9 ball pythons
  12 bats
  5 frilled lizards
  11 kobolds
  5 rats
179 creatures vanquished.

Vanquished Creatures (collateral kills)
  7 ballistomycete spores
7 creatures vanquished.

Vanquished Creatures (others)
  A human (D:6)
1 creature vanquished.

Grand Total: 187 creatures vanquished

Notes
Turn   | Place    | Note
-------+----------+-------------------------------------------
     0 | D:1      | bubby the Spriggan Hunter began the quest for the Orb.
     0 | D:1      | Reached XP level 1. HP: 10/10 MP: 2/2
    37 | D:1      | Found a faded altar of an unknown god.
   166 | D:1      | Prayed at the altar of an unknown god.
   166 | D:1      | Became a worshipper of Fedhas Madash
   166 | D:1      | Reached * piety under Fedhas
   199 | D:1      | Reached XP level 2. HP: 15/15 MP: 3/3
   473 | D:1      | Reached ** piety under Fedhas
   483 | D:1      | Reached XP level 3. HP: 18/18 MP: 4/4
   532 | D:1      | Found Josisil's Assorted Antiques.
  1120 | D:2      | Found Iptuerui's Book Emporium.
  1273 | D:2      | Reached XP level 4. HP: 23/23 MP: 5/5
  1922 | D:3      | Reached skill level 5 in Ranged Weapons
  1971 | D:3      | Reached *** piety under Fedhas
  1988 | D:3      | Found Sichush's Antique Weapon Boutique.
  2273 | D:4      | Reached XP level 5. HP: 26/27 MP: 6/6
  2363 | D:4      | Noticed a black bear
  2402 | D:4      | Killed a black bear
  2445 | D:4      | Reached XP level 6. HP: 32/32 MP: 7/7
  2453 | D:4      | Found a shimmering blue altar of Sif Muna.
  2521 | D:4      | Noticed Ijyb
  2530 | D:4      | Gained mutation: Your body sometimes deteriorates upon
                  | taking damage. [potion of mutation]
  2534 | D:4      | Killed Ijyb
  2921 | D:5      | Entered Level 5 of the Dungeon
  2938 | D:5      | Reached skill level 5 in Stealth
  2981 | D:5      | Reached skill level 5 in Dodging
  3033 | D:4      | Reached XP level 7. HP: 33/36 MP: 8/8
  3075 | D:5      | Found a glowing silver altar of Zin.
  3541 | D:5      | Reached skill level 1 in Invocations
  3634 | D:5      | Found a staircase to the Ecumenical Temple.
  3773 | D:5      | Reached XP level 8. HP: 40/40 MP: 8/10
  4468 | D:6      | Found an ancient bone altar of Kikubaaqudgha.
  4531 | D:6      | Found an opulent altar of Gozag.
  4590 | D:6      | Found a blossoming altar of Fedhas.
  4630 | D:6      | Reached **** piety under Fedhas
  5104 | D:6      | Found a broken altar of Ashenzari.
  5139 | D:6      | Found Yqeehud's Antique Armour Boutique.
  5299 | D:6      | Reached XP level 9. HP: 35/44 MP: 12/12
  5684 | D:7      | Found a runed translucent door.
  5845 | D:7      | Found a stormy altar of Qazlal.
  6104 | D:7      | Found a radiant altar of Vehumet.
  6305 | D:7      | Reached ***** piety under Fedhas
  6323 | D:7      | Found a shimmering altar of Xom.
  6323 | D:7      | Noticed acky5's ghost (novice VSBr)
  6329 | D:7      | Noticed a +1 spear of chaos
  6722 | D:8      | Noticed a troll
  6723 | D:8      | Noticed a polar bear
  6733 | D:8      | Killed a troll
  6737 | D:8      | Killed a polar bear
  6868 | D:8      | Reached skill level 10 in Stealth
  6868 | D:8      | Reached skill level 5 in Invocations
  6887 | D:8      | Reached skill level 10 in Ranged Weapons
  6904 | D:8      | Slain by an unseen horror simulacrum

Illustrated notes

Levels and vault maps discovered:
D:1:      dpeg_arrival_pits, layout_loops_ring,
          shapermc_ecumenical_altar_flowoftime, serial_shops, shop
D:2:      layout_loops_cross, serial_shops, shop, chequers_jeans,
          kennysheep_pointless_box, minmay_liquid_box
D:3:      cheibrodos_helix_gallery, layout_basic, serial_shops, shop
D:4:      layout_cave_pools, mainiacjoe_overflow_concentric_impassable,
          kennysheep_big_empty_room, uniq_ijyb
D:5:      layout_loops_corners, mainiacjoe_overflow_surrounded_room,
          minmay_temple_entry_arrows, serial_park_tiny_2, minivault_25,
          nicolae_half_adder
D:6:      layout_basic, tgw_kikubaaqudgha, old_standard_altar,
          overflow_temple_1_default, evilmike_ruin_ashenzari, serial_shops,
          shop, kennysheep_generic_room_16
D:7:      layout_loops_ring, mainiacjoe_overflow_cross_hatched,
          vehumet_crystals, ebering_ghost_xom
D:8:      layout_basic, serial_ice, serial_ice_a, serial_ice_n, serial_ice_l,
          serial_ice_c, serial_ice_e

Skill      XL: |  1  2  3  4  5  6  7  8  9 |
---------------+----------------------------+-----
Stealth        | 2 3 4 5 6 8 10 | 10.0
Dodging        | 3 4 5 6 7 8 |  8.8
Fighting       | 2 3 |  3.3
Ranged Weapons | 5 6 7 8 10 | 10.0
Invocations    | 1 3 5 |  5.0

Action                     |  1- 3 |  4- 6 |  7- 9 || total
---------------------------+-------+-------+-------++-------
   Fire: Shortbow          |   162 |   155 |   475 ||   792
 Invoke: Grow Ballistomyce |       |     1 |     2 ||     3
         Wall of Briars    |       |     1 |     1 ||     2
  Evoke: Wand              |       |     4 |     3 ||     7
    Use: Potion            |       |     5 |       ||     5
         Scroll            |       |     4 |       ||     4
 Armour: Robe              |     9 |     2 |     8 ||    19
         Troll leather arm |       |       |     3 ||     3
  Dodge: Dodged            |    60 |    63 |   120 ||   243
  Block: Other             |    11 |    13 |    31 ||    55
         Reflection        |       |       |     2 ||     2
